 Dungeon Sprint DCSS version 0.31-a0-325-g067879e3d3 (webtiles) character file.

Game seed: 16762933834953469651

22 dialectric the Covert (level 2, 0/20 HPs)
             Began as an Octopode Brigand on July 18, 2023.
             Slain by an ogre
             ... wielding a +0 giant spiked club
              (20 damage)
             ... in the Dungeon (Sprint I: "Red Sonja").
             The game lasted 00:00:07 (10 turns).

dialectric the Covert (Octopode Brigand)              Turns: 10, Time: 00:00:07

Health: 0/20       AC:  1    Str: 10    XL:     2   Next: 91%
Magic:  2/2        EV: 12    Int: 13    God:
Gold:   0          SH:  0    Dex: 13    Spells: 1/1 levels left

rFire   . . .        a - +2 dagger
rCold   . . .        (no shield)
rNeg    . . .        (helmet restricted)
rPois   .            (no amulet)
rElec   .            (no ring)
rCorr   .            (no ring)
SInv    .            (no ring)
Will    .....        (no ring)
Stlth   +++++        (no ring)
HPRegen 0.23/turn    (no ring)
MPRegen 0.08/turn    (no ring)
                     (no ring)

%: no teleportation
@: no status effects
A: almost no armour, amphibious, 8 rings, camouflage 1, gelatinous body 1,
(nimble swimmer 1), tentacles
a: no special abilities


You were in the Dungeon.
You visited 1 branch

Inventory:

Hand Weapons
 a - a +2 dagger (weapon)
Missiles
 b - 9 poisoned darts (quivered)
 c - 3 curare-tipped darts
Wands
 j - a wand of mindburst (17)
Scrolls
 i - a scroll of blinking
Potions
 d - a potion of curing
 e - a potion of heal wounds
 f - a potion of haste
 g - 2 potions of magic
 h - a potion of berserk rage


   Skills:
 + Level 2.5 Fighting
 + Level 2.5 Short Blades
 - Level 2.5 Throwing
 + Level 1.1 Dodging
 + Level 8.6 Stealth


You had one spell level left.
You didn't know any spells.
Your spell library was empty.

Dungeon Overview and Level Annotations

Branches:
Dungeon (1/1)

Altars:


Innate Abilities, Weirdness & Mutations

You cannot wear most types of armour.
You are amphibious.
You can wear up to eight rings at the same time.
Your skin changes colour to match your surroundings (Stealth+).
Your rubbery body absorbs attacks. (AC +1, EV +1)
((You are camouflaged when in or above water. (Stealth+)))
You have tentacles for arms and can constrict up to eight enemies at once.


Message History

Welcome, dialectric the Octopode Brigand.
Press ? for a list of commands and other information.
Found a staircase leading out of the dungeon.
You open the door.
Ijyb the Twisted Goblin comes into view.
She is wielding a +0 club and carrying a wand of mindburst.
There is an open door here.
The helpless Ijyb fails to defend herself.
You impale Ijyb!! You grab Ijyb.
Ijyb is almost dead.
You constrict Ijyb, but do no damage.
Unknown command.
You hit Ijyb but do no damage. You squeeze Ijyb.
You kill Ijyb!
Your Stealth skill gained 3 levels and is now at level 8!
You have reached level 2!
j - a wand of mindburst (17)
Things that are here:
a +0 club; a +0 scale mail As you open the door, it creaks loudly!
You hear a shout!
An ogre comes into view. It is wielding a +0 giant spiked club.
The ogre hits you with a +0 giant spiked club!!
Ouch! That really hurt!
You die...

##########
#<.#.)@O.#
#..'..#..+
#..#####+#
#..# #..#
#..# #⌠⌠#
####


You could see an ogre.

Vanquished Creatures
  Ijyb (D)
1 creature vanquished.

Notes
Turn   | Place    | Note
-------+----------+-------------------------------------------
     0 | D        | dialectric the Octopode Brigand began the quest for the
                  | Orb.
     0 | D        | Reached XP level 1. HP: 14/14 MP: 1/1
     2 | D        | Noticed Ijyb
     5 | D        | Killed Ijyb
     6 | D        | Reached skill level 8 in Stealth
     6 | D        | Reached XP level 2. HP: 20/20 MP: 2/2
     9 | D        | Noticed an ogre
    10 | D        | Slain by an ogre

Illustrated notes

Levels and vault maps discovered:
D:        dungeon_sprint_1 [red_sonja_temple_1, red_sonja_temple_small_1]

Skill      XL: |  1 |
---------------+----+-----
Stealth        | 8 |  8.6
Fighting       | |  2.5
Short Blades   | |  2.5
Throwing       | |  2.5
Dodging        | |  1.1

Action                     || total
---------------------------++-------
  Melee: Dagger            ||     2
         Constrict         ||     1
         Tentacles         ||     1
   Stab: Sleeping          ||     1

Table legend: (Time is in decaauts)
 A = Elapsed time spent in this place.
 B = Non-inter-level travel time spent in this place.
 C = Inter-level travel time spent in this place.
 D = Time resting spent in this place.
 E = Time spent auto-exploring this place.
 F = Levels seen in this place.
 G = Mean time per level.
                   A        B        C        D        E       F      G
               +--------+--------+--------+--------+--------+-----+--------+
         Total |      9 |      9 |      0 |      0 |      0 |   1 |    9.0 |
       Dungeon |      9 |      9 |      0 |      0 |      0 |   1 |    9.0 |
               +--------+--------+--------+--------+--------+-----+--------+

Top non-repeatable levels by time:
       D: 9 daAuts
